 Dungeon Crawl Stone Soup version 0.22.0-32-gbc6daba (webtiles) character file.

16 HoneyOTU the Skirmisher (level 2, 0/24 HPs)
             Began as a Demonspawn Chaos Knight on Aug 24, 2018.
             Slain by a spriggan (shapeshifter) (3 damage)
             ... on level 1 of the Dungeon.
             The game lasted 00:10:24 (544 turns).

HoneyOTU the Skirmisher (Demonspawn Chaos Knight)    Turns: 544, Time: 00:10:24

Health: 0/24       AC:  6    Str: 12    XL:     2   Next: 41%
Magic:  2/2        EV: 11    Int: 13    God:    Xom [..*...]
Gold:   27         SH:  0    Dex: 12    Spells: 1/1 levels left

rFire    + . .     SeeInvis .   a - +0 short sword (chaos)
rCold    + . .     Gourm    .   (no shield)
rNeg     . . .     Faith    .   b - +2 leather armour
rPois    +         Spirit   .   (helmet restricted)
rElec    +         Reflect  .   v - +0 cloak
rCorr    +         Harm     .   (no gloves)
MR       .....                  (no boots)
Stlth    +.........             (no amulet)
HPRegen  0.08/turn              (no ring)
MPRegen  0.08/turn              (no ring)

@: confused, resistant, very slightly contaminated, invisible
A: horns 1
a: Renounce Religion


You were on level 1 of the Dungeon.
You worshipped Xom.
You were a toy of Xom.
You were not hungry.

You visited 1 branch of the dungeon, and saw 1 of its levels.

You collected 27 gold pieces.

Inventory:

Hand Weapons
 a - a +0 short sword of chaos (weapon)
 e - a +0 club
 g - a +0 club
 h - a +0 dagger
 j - a +0 spear
 l - a +0 club
 m - a +0 dagger
 o - a +0 club
 t - a +0 club
Missiles
 u - 4 stones (quivered)
Armour
 b - a +2 leather armour (worn)
 v - a +0 cloak (worn)
Scrolls
 d - a scroll of identify {unknown}
 i - a scroll of immolation {unknown}
 n - a scroll of remove curse {unknown}
 r - a scroll of teleportation {unknown}
 s - a scroll of random uselessness {unknown}
Potions
 q - a potion of flight
Comestibles
 c - 2 rations
 f - 3 chunks of flesh


   Skills:
 + Level 3.1 Fighting
 + Level 3.0 Short Blades
 + Level 2.1 Armour
 + Level 1.1 Dodging


You had one spell level left.
You didn't know any spells.
Your spell library was empty.

Dungeon Overview and Level Annotations

Branches:
Dungeon (1/15)

Altars:


Innate Abilities, Weirdness & Mutations

You have a pair of small horns on your head.


Message History

The golden eye turns its gaze towards you.
The golden eye changes into a spriggan!
The giant cockroach closely misses you.
The giant cockroach waves its antennae.
The giant cockroach misses you. The spriggan hits you!
You die... "Just one more try."
Xom revives you!
It was a potion of invisibility.
You fade into invisibility!
The giant cockroach misses you. The spriggan hits you.
* * * LOW HITPOINT WARNING * * *
You are very lightly contaminated with residual magic.
You're too confused to move!
The giant cockroach closely misses you. The spriggan closely misses you.
You bump into the rock wall.
The giant cockroach bites you but does no damage.
The spriggan hits you.
You die...
Xom titters!

#.......#....#...#
####.......#....#...# .
...........#....##..#####.
###........#....##........
#........#....##...##..#
.......###......'÷†...#...
...###.#........###...#.#
...######..##.### ##....#
.........i@......## #....##
...#####.s######..####....#
.....................#....#
.$...................#....#
≈≈≈≈≈≈≈≈≈≈≈≈≈≈≈≈≈≈≈≈.....##
...≈≈≈≈≈≈≈≈≈≈≈≈≈≈≈≈≈≈≈≈≈≈≈.....##
...≈≈≈≈≈≈≈≈≈≈≈≈≈≈≈≈≈≈≈≈≈≈≈...#..#
...≈≈≈#+#+#≈≈≈≈≈≈≈#+#+#≈≈≈s..#...
...≈≈≈+ ##+###+## +≈≈≈.......


You could see a spriggan shaped shifter and a giant cockroach.

Vanquished Creatures
  2 bats (D:1)
  5 goblins (D:1)
  2 hobgoblins (D:1)
  A frilled lizard (D:1)
  3 kobolds (D:1)
  2 rats (D:1)
15 creatures vanquished.

Notes
Turn   | Place    | Note
-------+----------+-------------------------------------------
     0 | D:1      | HoneyOTU the Demonspawn Chaos Knight began the quest for the Orb.
     0 | D:1      | Reached XP level 1. HP: 18/18 MP: 1/1
    56 | D:1      | Reached skill level 1 in Dodging
   264 | D:1      | Gained mutation: You have a pair of small horns on your head. [demonic ancestry]
   264 | D:1      | Reached XP level 2. HP: 23/24 MP: 2/2
   509 | D:1      | XOM: smoke on damage
   513 | D:1      | Noticed a crocodile
   513 | D:1      | an adder changed into a crocodile
   521 | D:1      | Noticed a human
   521 | D:1      | a crocodile changed into a human
   522 | D:1      | Noticed a spiny frog
   522 | D:1      | a human changed into a spiny frog
   530 | D:1      | Noticed a golden eye
   530 | D:1      | a spiny frog changed into a golden eye
   539 | D:1      | Noticed a spriggan
   539 | D:1      | a golden eye changed into a spriggan
   540 | D:1      | Xom revived you
   544 | D:1      | Slain by a spriggan (shapeshifter)

Skill      XL: |  1  2 |
---------------+-------+-----
Dodging        | 1 |  1.1
Armour         | 2 |  2.1
Short Blades   | 3 |  3.0
Fighting       | |  3.1

Action                   || total
-------------------------++-------
Melee: Short sword       ||    34
       Headbutt          ||     6
  Use: Potion            ||     3
Armor: Leather armour    ||    14
Dodge: Dodged            ||    22
